 Dungeon Crawl Stone Soup version 0.14-a0-2730-g72a2965 (console) character file.

77992 Garrluk the Bludgeoner (level 15, -11/158 HPs)
             Began as an Ogre Hunter on Feb 20, 2014.
             Was the Champion of Okawaru.
             Mangled by a red wasp (15 damage)
             ... on Level 2 of the Spider Nest.
             The game lasted 01:55:34 (26565 turns).

Garrluk the Bludgeoner (Ogre Hunter)               Turns: 26565, Time: 01:55:35

HP -11/158       AC  8     Str 21      XL: 15   Next: 47%
MP  24/29        EV  8     Int 16      God: Okawaru [******]
Gold 3486        SH  0     Dex 13      Spells:  2 memorised, 10 levels left

rFire  + . .     SeeInvis .     x - +10,+3 giant spiked club of the Three Lives {drain, Dex+1}
rCold  + . .     Clarity  +     k - +1 orc robe {rC+ rF+}
rNeg   . . .     Conserve .     (shield restricted)
rPois  +         rCorr    .     K - +1 hat {Int+3}
rElec  .         rRot     .     p - +0 cloak {rPois}
SustAb . .       Spirit   .     (gloves unavailable)
rMut   .         Warding  .     (boots unavailable)
Saprov + . .     Stasis   .     A - amulet of clarity
MR     ++...                    B - ring of protection from magic
                                l - ring of regeneration

@: about to teleport, extremely poisoned, held, heroism, finesse, very resistant
to hostile enchantments, stealthy
A: unfitting armour, fast metabolism 1, saprovore 1, tough skin 1
a: Heroism, Finesse, Renounce Religion


You were on level 2 of the Spider Nest.
You worshipped Okawaru.
Okawaru was exalted by your worship.
You were very hungry.

You visited 6 branches of the dungeon, and saw 27 of its levels.
You visited the Abyss 1 time.
You also visited: Sewer, Ossuary, Ice Cave and Volcano.

You collected 3639 gold pieces.
You spent 153 gold pieces at shops.

Notes
Turn   | Place    | Note
--------------------------------------------------------------
     0 | D:1      | Garrluk, the Ogre Hunter, began the quest for the Orb.
     0 | D:1      | Reached XP level 1. HP: 22/22 MP: 1/1
   232 | D:1      | Reached XP level 2. HP: 21/29 MP: 2/2
   961 | D:2      | Reached XP level 3. HP: 29/36 MP: 3/3
  1170 | D:2      | Reached skill level 5 in Maces & Flails
  1170 | D:2      | Reached XP level 4. HP: 40/44 MP: 4/4
  1745 | D:3      | Reached skill level 6 in Maces & Flails
  1745 | D:3      | Reached XP level 5. HP: 7/50 MP: 5/5
  1830 | D:3      | Found a glowing drain.
  1849 | Sewer    | Entered a sewer
  2143 | D:3      | Reached skill level 7 in Maces & Flails
  2218 | D:3      | Noticed Jessica
  2219 | D:3      | Noticed Grinder
  2238 | D:3      | Killed Jessica
  2275 | D:3      | Paralysed by Grinder for 4 turns
  2279 | D:3      | Killed Grinder
  2279 | D:3      | Reached skill level 8 in Maces & Flails
  2279 | D:3      | Reached XP level 6. HP: 50/62 MP: 6/6
  2502 | D:3      | Reached XP level 7. HP: 45/71 MP: 7/7
  2932 | D:4      | Noticed ghwc's ghost (average HuWz)
  2949 | D:4      | Killed ghwc's ghost
  2949 | D:4      | Reached skill level 5 in Fighting
  2949 | D:4      | Reached skill level 9 in Maces & Flails
  3063 | D:4      | Reached skill level 10 in Maces & Flails
  3133 | D:4      | Reached XP level 8. HP: 67/83 MP: 8/8
  3721 | D:5      | Entered Level 5 of the Dungeon
  3980 | D:5      | Reached skill level 11 in Maces & Flails
  3991 | D:5      | Paralysed by a giant eyeball for 3 turns
  4624 | D:6      | Reached XP level 9. HP: 90/90 MP: 9/9
  4746 | D:6      | Reached skill level 12 in Maces & Flails
  4826 | D:6      | Noticed Duvessa
  4827 | D:6      | Noticed Dowan
  4834 | D:6      | Killed Duvessa
  4841 | D:6      | Killed Dowan
  4898 | D:6      | Found a staircase to the Ecumenical Temple.
  4905 | D:6      | Noticed Pikel
  4910 | Temple   | Entered the Ecumenical Temple
  4953 | Temple   | Became a worshipper of Warmaster Okawaru
  4994 | D:6      | Found a white marble altar of Elyvilon.
  5176 | D:6      | Killed Pikel
  5176 | D:6      | Acquired Okawaru's first power
  5176 | D:6      | Reached skill level 13 in Maces & Flails
  5461 | D:7      | Found a sand-covered staircase.
  5465 | Ossuary  | Entered an ossuary
  5548 | Ossuary  | Reached XP level 10. HP: 94/104 MP: 10/10
  5594 | Ossuary  | Reached skill level 1 in Invocations
  5759 | Ossuary  | Reached skill level 5 in Dodging
  5907 | D:7      | Paralysed by a potion of paralysis for 4 turns
  6018 | D:7      | Noticed Menkaure
  6026 | D:7      | Killed Menkaure
  6167 | D:7      | Reached skill level 14 in Maces & Flails
  6823 | D:8      | Found a basalt altar of Yredelemnul.
  6955 | D:8      | Noticed Psyche
  6961 | D:8      | Killed Psyche
  6961 | D:8      | Reached skill level 1 in Armour
  7831 | D:9      | Found Quidd's Jewellery Boutique.
  8279 | D:9      | Found a glowing silver altar of Zin.
  8391 | D:9      | Paralysed by a giant eyeball for 3 turns
  8397 | D:9      | Paralysed by a giant eyeball for 3 turns
  8438 | D:10     | Entered Level 10 of the Dungeon
  8555 | D:10     | Noticed Eustachio
  8564 | D:10     | Noticed Harold
  8857 | D:11     | Reached skill level 5 in Invocations
  9079 | D:11     | Reached XP level 11. HP: 115/115 MP: 19/19
  9170 | D:11     | Reached skill level 5 in Armour
  9206 | D:11     | Found a staircase to the Orcish Mines.
  9332 | D:11     | Noticed a hill giant
  9349 | D:11     | Killed a hill giant
  9598 | D:11     | Killed an unseen horror
  9599 | D:11     | Noticed a five-headed hydra
  9609 | D:11     | Killed a five-headed hydra
  9609 | D:11     | Acquired Okawaru's second power
 10156 | D:10     | Killed Harold
 10216 | D:10     | Reached skill level 5 in Throwing
 10378 | D:10     | Found a staircase to the Lair.
 10668 | D:10     | Noticed a fire dragon
 10740 | D:10     | Killed a fire dragon
 10853 | D:10     | Reached XP level 12. HP: 106/124 MP: 23/23
 11100 | Lair:1   | Entered Level 1 of the Lair of Beasts
 11107 | Lair:1   | Received a gift from Okawaru
 11111 | Lair:1   | Noticed an eight-headed hydra
 11118 | Lair:1   | Killed an eight-headed hydra
 12028 | Lair:1   | Received a gift from Okawaru
 12820 | Lair:2   | Noticed a seven-headed hydra
 12824 | Lair:2   | Killed a seven-headed hydra
 13156 | Lair:2   | Reached skill level 15 in Maces & Flails
 13698 | Lair:3   | Found a staircase to the Swamp.
 13760 | Lair:3   | Reached XP level 13. HP: 131/131 MP: 26/26
 13781 | Lair:3   | Identified a scroll of acquirement
 13782 | Lair:3   | Got a brightly glowing hat
 13786 | Lair:3   | Identified the -4 hat of Khait {rN+} (You acquired it on level 3 of the Lair of Beasts)
 13976 | Lair:3   | Reached skill level 10 in Invocations
 14211 | Lair:3   | Received a gift from Okawaru
 14212 | Lair:3   | Got a brightly glowing giant spiked club {god gift}
 14213 | Lair:3   | Identified the +10,+3 giant spiked club of the Three Lives {drain, Dex+1} (Okawaru gifted it to you on level 3 of the Lair of Beasts)
 15539 | Lair:5   | Reached skill level 16 in Maces & Flails
 15604 | Lair:5   | Found a dark tunnel.
 15619 | Volcano  | Entered a volcano
 16614 | Lair:5   | Received a gift from Okawaru
 17578 | Lair:6   | Found a hole to the Spider Nest.
 17642 | Lair:6   | Reached skill level 17 in Maces & Flails
 17647 | Lair:6   | Found a staircase to the Slime Pits.
 18156 | Lair:7   | Reached skill level 10 in Fighting
 18160 | Lair:7   | Found a frozen archway.
 18267 | IceCv    | Entered an ice cave
 18490 | IceCv    | Reached XP level 14. HP: 113/144 MP: 28/28
 18603 | IceCv    | Received a gift from Okawaru
 18609 | IceCv    | Reached skill level 18 in Maces & Flails
 18841 | IceCv    | Reached skill level 10 in Armour
 18957 | IceCv    | Noticed a frost giant
 18966 | IceCv    | Killed a frost giant
 20363 | Lair:8   | Entered Level 8 of the Lair of Beasts
 20573 | Lair:8   | Reached skill level 19 in Maces & Flails
 20584 | Lair:8   | Received a gift from Okawaru
 20651 | Lair:8   | Received a gift from Okawaru
 20977 | Lair:8   | Noticed Fannar
 20989 | Lair:8   | Killed Fannar
 21003 | Lair:8   | Learned a level 2 spell: Blink
 21006 | Lair:8   | Learned a level 2 spell: Repel Missiles
 21456 | D:10     | Killed Eustachio
 21481 | Orc:1    | Entered Level 1 of the Orcish Mines
 21481 | Orc:1    | Found a burning altar of Makhleb.
 22179 | Orc:1    | Reached XP level 15. HP: 126/156 MP: 29/29
 22410 | Orc:2    | Noticed Maurice
 22420 | Orc:2    | Killed Maurice
 22610 | Orc:2    | Noticed Erica
 22632 | Orc:2    | Killed Erica
 23758 | Orc:4    | Entered Level 4 of the Orcish Mines
 23819 | Orc:4    | Found a staircase to the Elven Halls.
 24104 | Orc:4    | Found a roughly hewn altar of Beogh.
 24120 | Orc:4    | Cast into the Abyss (orc warlord)
 24207 | Orc:4    | Escaped the Abyss
 24214 | Orc:4    | Reached skill level 20 in Maces & Flails
 24379 | Orc:4    | Received a gift from Okawaru
 24400 | Orc:4    | Found Alulak's General Store.
 24424 | Orc:4    | Found Jotiug's Antique Armour Boutique.
 24464 | Orc:4    | Bought an ancient robe for 153 gold pieces
 24478 | Orc:4    | Identified the cursed -4 robe of Duty {+Blink rN+ Dam-5} (You bought it in a shop on level 4 of the Orcish Mines)
 24538 | Orc:4    | Found Prawn's Antique Weapon Boutique.
 24946 | Orc:4    | Found Smegh's Book Boutique.
 25077 | Elf:1    | Entered Level 1 of the Elven Halls
 25368 | Spider:1 | Entered Level 1 of the Spider Nest
 26072 | Spider:1 | Received a gift from Okawaru
 26073 | Spider:1 | Got a bloodstained giant club {god gift}
 26074 | Spider:1 | Identified the +5,+4 giant club of the Firefly {crush, Dex+2} (Okawaru gifted it to you on level 1 of the Spider Nest)
 26400 | Spider:2 | Noticed Arachne
 26563 | Spider:2 | HP: 3/158 [Arachne/staff of poison (27)]
 26565 | Spider:2 | Mangled by a red wasp

Inventory:

Hand weapons
 x - the +10,+3 giant spiked club of the Three Lives (weapon) {drain, Dex+1}
   (Okawaru gifted it to you on level 3 of the Lair of Beasts)

   A truly terrible weapon, it drains the life of those it strikes.
   It affects your dexterity (+1).
 y - a +2,+3 great sword of distortion
   (You took it off an orc warlord on level 4 of the Orcish Mines)
Missiles
 b - 2 large rocks (quivered)
 c - 4 throwing nets
 C - 8 darts of dispersal
Armour
 k - a +1 orcish robe of resistance (worn)
   (You took it off an orc wizard on level 1 of the Orcish Mines)
 p - a +0 cloak of poison resistance (worn)
   (You took it off Maurice on level 2 of the Orcish Mines)
 r - a +2 robe of positive energy
   (You took it off Erica on level 2 of the Orcish Mines)
 v - a +0 storm dragon armour
   (You found it on level 8 of the Dungeon)
 F - a +1 cloak
   (You found it on level 4 of the Lair of Beasts)
 K - a +1 hat of intelligence (worn)
   (Okawaru gifted it to you on level 1 of the Lair of Beasts)
Magical devices
 e - a wand of disintegration (15)
   (You found it on level 7 of the Lair of Beasts)
 g - a wand of teleportation (5)
   (You found it on level 1 of the Spider Nest)
 o - a wand of digging (5)
   (You found it on level 5 of the Lair of Beasts)
 w - a wand of hasting (5)
   (You found it in an ice cave)
 E - a wand of teleportation (0)
   (You found it on level 4 of the Orcish Mines)
Comestibles
 f - 5 meat rations
 m - a pear
Scrolls
 i - 3 scrolls of identify
 j - a scroll of enchant weapon II
 n - 4 scrolls of fog
 s - 4 scrolls of remove curse
 t - a scroll of silence
 D - a scroll of fear
 H - 3 scrolls of teleportation
Jewellery
 a - an uncursed ring of sustain abilities
   (You found it on level 5 of the Lair of Beasts)
 d - an uncursed ring of protection from cold
   (You found it in an ice cave)
 h - an uncursed ring of protection from fire
   (You found it on level 1 of the Lair of Beasts)
 l - a ring of regeneration (left hand)
   (You found it on level 1 of the Dungeon)
 A - an amulet of clarity (around neck)
   (You found it on level 3 of the Dungeon)
 B - a ring of protection from magic (right hand)
   (You found it on level 5 of the Dungeon)
Potions
 z - 3 potions of berserk rage
 J - a potion of restore abilities
 L - 5 potions of curing
 O - a potion of lignification
 P - 3 potions of speed
Miscellaneous
 q - a phial of floods
   (You found it in an ice cave)

Table legend:
 A = Turns spent in this place as a percentage of turns spent in the entire game.
 B = Non-inter-level travel turns spent in this place as a percentage of non-inter-level travel turns spent in the entire game.
 C = Inter-level travel turns spent in this place as a percentage of turns spent in this place.
 D = Turns resting spent in this place as a percentage of non-inter-level travel turns spent in this place.
 E = Turns spent auto-exploring this place as a percentage of non-inter-level travel turns spent in this place.
 F = Non-inter-level travel turns spent in this place divided by the number of levels of this place that you've seen.
                   A       B       C       D       E      F
               +-------+-------+-------+-------+-------+----------------------
         Total | 100.0 | 100.0 |   0.7 |   1.7 |   6.7 | 318.2
       Dungeon |  41.3 |  41.4 |   0.5 |   2.0 |   7.2 | 383.5
        Temple |   0.7 |   0.6 |   3.0 |   0.0 |   1.5 |  65.0
  Orcish Mines |  12.6 |  12.5 |   1.1 |   0.5 |   8.9 | 318.5
   Elven Halls |   0.7 |   0.7 |   0.0 |   0.0 |   4.2 |  71.0
          Lair |  30.6 |  30.5 |   1.1 |   1.0 |   6.5 | 387.6
   Spider Nest |   2.9 |   2.9 |   0.3 |   7.1 |  10.2 | 147.5
         Abyss |   0.1 |   0.1 |   0.0 |  18.2 |   0.0 |  11.0
         Sewer |   1.8 |   1.8 |   0.0 |   0.0 |   2.8 | 181.0
       Ossuary |   2.4 |   2.4 |   0.0 |   0.8 |   2.9 | 243.0
      Ice Cave |   3.8 |   3.8 |   0.0 |   3.3 |   4.1 | 391.0
       Volcano |   3.2 |   3.3 |   0.0 |   4.8 |   0.0 | 332.0
               +-------+-------+-------+-------+-------+----------------------


   Skills:
 + Level 12.9(17.9) Fighting
 * Level 20.5(25.5) Maces & Flails
 - Level 8.4(13.4) Throwing
 + Level 11.2(16.2) Armour
 - Level 5.1(10.1) Dodging
 - Level 0.7(5.7) Stealth
 - Level 10.6 Invocations


You had 10 spell levels left.
You knew the following spells:

 Your Spells              Type           Power        Failure   Level  Hunger
a - Blink                 Tloc           N/A          38%         2    ###....
b - Repel Missiles        Chrm/Air       #.....       38%         2    ###....


Dungeon Overview and Level Annotations

Branches:
Dungeon (11/16)            Temple (1/1) D:6             Orc (4/4) D:11
    Elf (1/3) Orc:4          Lair (8/8) D:10          Swamp (0/5) Lair:3
 Spider (2/5) Lair:6        Slime (0/6) Lair:6

Altars:
Ashenzari
Cheibriados
Dithmenos
Elyvilon
Fedhas
Kikubaaqudgha
Makhleb
Nemelex Xobeh
Okawaru
Sif Muna
Trog
Vehumet
Xom
Yredelemnul
Zin
The Shining One
Beogh

Shops:
D:9 =   Orc:4 *:[(

Annotations:
Spider:2 Arachne


Innate Abilities, Weirdness & Mutations

You are too large for most types of armour.
You have a fast metabolism.
You can tolerate rotten meat.
You have tough skin (AC +1).


Message History

Drink which item? (? for menu, Esc to quit)
You feel much better.
* * * LOW HITPOINT WARNING * * *
You feel extremely sick. The red wasp stings you!
* * * LOW HITPOINT WARNING * * *
Arachne hits you but does no damage. The red wasp stings you!
* * * LOW HITPOINT WARNING * * *
You are more poisoned.
Drink which item? (? for menu, Esc to quit)
You feel much better.
* * * LOW HITPOINT WARNING * * *
You feel extremely sick. Arachne casts a spell at you.
The poison arrow hits you!
You are more poisoned.
You partially resist.
* * * LOW HITPOINT WARNING * * *
The red wasp stings you!
You die...

≈ ..≈≈ #yy≈≈ #
#.≈≈. ##..
#≈y≈. #..#..
#≈≈≈y #.y#.#.
#≈≈y ....#..
####≈≈#.....##
#.@##≈≈#.y.....
#.Hy##..#.#.#..
##...........##
####.#..#....#
#..##......#
##.....##.###
#..)<......#
#...##...#..#
###.. ......#
....#.#....
###.# .# #..


You could see Arachne and a red wasp.

Table legend:
 A = Kills in this place as a percentage of kills in entire the game.
 B = Kills by you in this place as a percentage of kills by you in the entire game.
 C = Kills by friends in this place as a percentage of kills by friends in the entire game.
 D = Other kills in this place as a percentage of other kills in the entire game.
 E = Experience gained in this place as a percentage of experience gained in the entire game.
 F = Experience gained in this place divided by the number of levels of this place that you have seen.
                   A       B       C       D       E      F
               +-------+-------+-------+-------+-------+----------------------
         Total | 100.0 | 100.0 | 100.0 | 100.0 | 100.0 | 3326.2
       Dungeon |  33.0 |  33.0 |   0.0 | 100.0 |  17.3 | 1672.6
  Orcish Mines |  19.5 |  19.4 | 100.0 |   0.0 |  11.6 | 3079.0
   Elven Halls |   0.5 |   0.5 |   0.0 |   0.0 |   1.5 | 1626.0
          Lair |  31.3 |  31.4 |   0.0 |   0.0 |  45.9 | 6104.6
   Spider Nest |   2.7 |   2.7 |   0.0 |   0.0 |   6.6 | 3500.5
         Sewer |   2.9 |   3.0 |   0.0 |   0.0 |   0.0 |  47.0
       Ossuary |   2.9 |   3.0 |   0.0 |   0.0 |   0.6 | 639.0
      Ice Cave |   5.2 |   5.2 |   0.0 |   0.0 |  13.8 | 14700.0
       Volcano |   1.9 |   1.9 |   0.0 |   0.0 |   2.7 | 2873.0
               +-------+-------+-------+-------+-------+----------------------

Vanquished Creatures
  Monster Symbol All ' '
  The ghost of ghwc the Ruinous, an average HuWz (D:4)
1 creature vanquished. All '*' 2 giant spores
2 creatures vanquished. All '4' A rotting devil (Elf:1)
1 creature vanquished. All '5' Grinder (D:3) 3 crimson imps
4 creatures vanquished. All '8' An ice statue (IceCv)
1 creature vanquished. All ';' 8 sharks 5 giant goldfish 8 electric eels 9 big fish
30 creatures vanquished. All '@' Harold (D:10) Erica (Orc:2) Maurice (Orc:2) Psyche (D:8) Eustachio (D:10) A slave (D:6) Jessica (D:3)
7 creatures vanquished. All 'B' A boulder beetle (Lair:7) 2 goliath beetles
3 creatures vanquished. All 'C' A frost giant (IceCv) A hill giant (D:11)
2 creatures vanquished. All 'D' A fire dragon (D:10) 5 hydras 3 wyverns A mottled dragon (D:11)
10 creatures vanquished. All 'E' 2 fire elementals (Lair:3)
2 creatures vanquished. All 'F' 10 spiny frogs 15 blink frogs 10 giant frogs
35 creatures vanquished. All 'G' 3 giant eyeballs
3 creatures vanquished. All 'H' 2 griffons 6 hippogriffs
8 creatures vanquished. All 'I' 3 ice beasts A sky beast (D:5)
4 creatures vanquished. All 'J' 16 jellies 3 oozes
19 creatures vanquished. All 'K' Pikel (D:6) 2 big kobolds (D:11) 26 kobolds
29 creatures vanquished. All 'M' A guardian mummy (Volcano) Menkaure (D:7) 10 mummies
12 creatures vanquished. All 'O' 13 ogres
13 creatures vanquished. All 'P' An oklob plant (Orc:1) 10 plants
11 creatures vanquished. All 'S' A black mamba (Lair:5) 9 water moccasins 6 lava snakes (Lair:3) 17 adders 33 ball pythons
66 creatures vanquished. All 'T' 6 trolls
6 creatures vanquished. All 'U' 14 polar bears 6 grizzly bears (Lair:8) 4 black bears (Lair:8)
24 creatures vanquished. All 'V' 4 vampires (Volcano)
4 creatures vanquished. All 'Y' 3 death yaks (IceCv) 46 yaks
49 creatures vanquished. All 'Z' A hill giant skeleton (Volcano) 4 manticore skeletons A yak zombie (D:8) A troll zombie (D:11) A yak skeleton (D:9) 2 troll skeletons 2 centaur skeletons A sky beast zombie (Ossuary) A naga skeleton (Volcano) A steam dragon skeleton (D:7)
15 creatures vanquished. All 'a' A formicid (Spider:2) A soldier ant (D:11) 11 worker ants
13 creatures vanquished. All 'b' 6 fire bats (Lair:3) 21 bats A butterfly (D:6)
28 creatures vanquished. All 'c' 2 centaurs
2 creatures vanquished. All 'e' Fannar (Lair:8) A deep elf conjurer (Elf:1) 2 deep elf priests (Elf:1) A deep elf mage (Elf:1) A deep elf fighter (Elf:1) Duvessa (D:6) Dowan (D:6)
8 creatures vanquished. All 'f' 12 ballistomycetes 4 fungi
16 creatures vanquished. All 'g' A gnoll sergeant (D:8) 10 gnolls 24 goblins 17 hobgoblins
52 creatures vanquished. All 'h' 38 wolves A warg (Orc:4) 11 hounds 16 jackals
66 creatures vanquished. All 'i' 2 spriggan druids (Lair:8) 12 spriggans (Lair:8)
14 creatures vanquished. All 'j' 6 giant slugs 9 agate snails
15 creatures vanquished. All 'k' 9 giant fireflies (Lair:8)
9 creatures vanquished. All 'l' A fire drake (Lair:6) 7 komodo dragons 5 basilisks 15 iguanas 11 giant geckos 9 giant newts
48 creatures vanquished. All 'n' A necrophage (D:5) 5 bog bodies (Ossuary)
6 creatures vanquished. All 'o' An orc warlord (Orc:4) An orc high priest (Orc:4) 3 orc knights (Orc:4) 2 orc sorcerers (Orc:4) 24 orc warriors 27 orc priests 27 orc wizards 155 orcs
240 creatures vanquished. All 'p' A phantom (D:7)
1 creature vanquished. All 'r' 10 porcupines 6 orange rats (Lair:5) 18 green rats 14 quokkas 27 rats
75 creatures vanquished. All 's' An orb spider (Spider:2) 2 wolf spiders (Spider:1) A demonic crawler (Spider:1) 3 jumping spiders (Spider:1) 7 redbacks (Spider:1) A trapdoor spider (Spider:1) A tarantella (Spider:1) 2 scorpions (D:9) 7 spiders 7 giant centipedes A giant mite (D:3) 6 giant cockroaches
39 creatures vanquished. All 't' 20 crocodiles
20 creatures vanquished. All 'v' A fire vortex (Lair:3)
1 creature vanquished. All 'w' 4 swamp worms (Lair:3) 4 lava worms (Lair:3) 7 worms
15 creatures vanquished. All 'x' An unseen horror (D:11)
1 creature vanquished. All 'y' 3 red wasps (Spider:2) 3 yellow wasps
6 creatures vanquished. All 'z' 2 minotaur skeletons (Volcano) 2 flying skulls (Volcano) A draconian skeleton (Volcano) 16 wights 4 giant frog zombies A giant frog skeleton (D:4) A black bear skeleton (D:6) A big kobold zombie (D:9) 2 tengu skeletons (Volcano) 2 worker ant zombies (Ossuary) A hound skeleton (D:4) An iguana zombie (Ossuary) 2 scorpion zombies (Ossuary) An adder skeleton (D:8) An orc skeleton (D:4) A gnoll zombie (Ossuary) A giant cockroach zombie (Ossuary) A giant mite zombie (Ossuary) A giant newt skeleton (D:4) A hobgoblin zombie (D:6) 2 jackal zombies (Ossuary) A kobold zombie (Ossuary) An orc zombie (D:6) A quokka zombie (Ossuary) 2 rat zombies
50 creatures vanquished.
1086 creatures vanquished. Monster Nature Uniques Harold (D:10) Fannar (Lair:8) Erica (Orc:2) Pikel (D:6) Maurice (Orc:2) Psyche (D:8) Grinder (D:3) Eustachio (D:10) Menkaure (D:7) Duvessa (D:6) Dowan (D:6) Jessica (D:3)
12 creatures vanquished. Natural Monsters An orc warlord (Orc:4) A frost giant (IceCv) A fire dragon (D:10) 5 hydras An orc high priest (Orc:4) 3 death yaks (IceCv) An unseen horror (D:11) An orb spider (Spider:2) A hill giant (D:11) A deep elf conjurer (Elf:1) 2 griffons 3 red wasps (Spider:2) 2 wolf spiders (Spider:1) 3 orc knights (Orc:4) 2 orc sorcerers (Orc:4) 10 spiny frogs A black mamba (Lair:5) 2 spriggan druids (Lair:8) A fire drake (Lair:6) 7 komodo dragons 6 trolls 2 deep elf priests (Elf:1) 9 giant fireflies (Lair:8) 15 blink frogs The ghost of ghwc the Ruinous, an average HuWz (D:4) 3 jumping spiders (Spider:1) 12 spriggans (Lair:8) 7 redbacks (Spider:1) A formicid (Spider:2) 5 basilisks 3 wyverns A trapdoor spider (Spider:1) A tarantella (Spider:1) A deep elf mage (Elf:1) A boulder beetle (Lair:7) 14 polar bears 6 grizzly bears (Lair:8) 8 sharks 46 yaks 6 fire bats (Lair:3) 6 hippogriffs A deep elf fighter (Elf:1) 4 swamp worms (Lair:3) A mottled dragon (D:11) A soldier ant (D:11) 38 wolves 24 orc warriors 3 ice beasts 13 ogres A sky beast (D:5) A slave (D:6) 10 porcupines 4 black bears (Lair:8) 2 centaurs 5 giant goldfish 20 crocodiles 3 yellow wasps 2 big kobolds (D:11) A warg (Orc:4) 4 lava worms (Lair:3) 6 giant slugs 9 water moccasins 10 giant frogs A gnoll sergeant (D:8) 9 agate snails 8 electric eels 6 lava snakes (Lair:3) 2 goliath beetles 9 big fish 11 hounds 27 orc priests 16 jellies 6 orange rats (Lair:5) 27 orc wizards 2 scorpions (D:9) 7 spiders 11 worker ants 15 iguanas 17 adders 10 gnolls 18 green rats 7 giant centipedes 7 worms A giant mite (D:3) 3 giant eyeballs 11 giant geckos 155 orcs 6 giant cockroaches 24 goblins 17 hobgoblins 16 jackals 3 oozes 14 quokkas 33 ball pythons 21 bats 9 giant newts 26 kobolds 27 rats A butterfly (D:6)
949 creatures vanquished. Non-Living Monsters An ice statue (IceCv) A fire vortex (Lair:3) 2 fire elementals (Lair:3)
4 creatures vanquished. Undead Monsters A guardian mummy (Volcano) 2 minotaur skeletons (Volcano) 2 flying skulls (Volcano) 4 vampires (Volcano) A hill giant skeleton (Volcano) A necrophage (D:5) 4 manticore skeletons A phantom (D:7) A draconian skeleton (Volcano) A yak zombie (D:8) 16 wights A troll zombie (D:11) A yak skeleton (D:9) 2 troll skeletons 5 bog bodies (Ossuary) 4 giant frog zombies 2 centaur skeletons A giant frog skeleton (D:4) A black bear skeleton (D:6) A big kobold zombie (D:9) A sky beast zombie (Ossuary) A naga skeleton (Volcano) 2 tengu skeletons (Volcano) 10 mummies 2 worker ant zombies (Ossuary) A hound skeleton (D:4) A steam dragon skeleton (D:7) An iguana zombie (Ossuary) 2 scorpion zombies (Ossuary) An adder skeleton (D:8) An orc skeleton (D:4) A gnoll zombie (Ossuary) A giant cockroach zombie (Ossuary) A giant mite zombie (Ossuary) A giant newt skeleton (D:4) A hobgoblin zombie (D:6) 2 jackal zombies (Ossuary) A kobold zombie (Ossuary) An orc zombie (D:6) A quokka zombie (Ossuary) 2 rat zombies
87 creatures vanquished. Demonic Monsters A demonic crawler (Spider:1) A rotting devil (Elf:1) 3 crimson imps
5 creatures vanquished. Plants An oklob plant (Orc:1) 2 giant spores 12 ballistomycetes 4 fungi 10 plants
29 creatures vanquished.
1086 creatures vanquished. Ascending Order An orc warlord (Orc:4) A frost giant (IceCv) A fire dragon (D:10) Harold (D:10) Fannar (Lair:8) Erica (Orc:2) An orc high priest (Orc:4) An unseen horror (D:11) An orb spider (Spider:2) An ice statue (IceCv) A hill giant (D:11) Pikel (D:6) A deep elf conjurer (Elf:1) An oklob plant (Orc:1) Maurice (Orc:2) Psyche (D:8) A black mamba (Lair:5) A demonic crawler (Spider:1) A fire drake (Lair:6) Grinder (D:3) A guardian mummy (Volcano) A fire vortex (Lair:3) The ghost of ghwc the Ruinous, an average HuWz (D:4) A formicid (Spider:2) A trapdoor spider (Spider:1) A tarantella (Spider:1) A deep elf mage (Elf:1) A boulder beetle (Lair:7) Eustachio (D:10) A hill giant skeleton (Volcano) A deep elf fighter (Elf:1) A mottled dragon (D:11) A soldier ant (D:11) Menkaure (D:7) A necrophage (D:5) A sky beast (D:5) A slave (D:6) A phantom (D:7) Duvessa (D:6) A warg (Orc:4) A rotting devil (Elf:1) A draconian skeleton (Volcano) A gnoll sergeant (D:8) A yak zombie (D:8) A troll zombie (D:11) A yak skeleton (D:9) Dowan (D:6) A giant frog skeleton (D:4) A black bear skeleton (D:6) A big kobold zombie (D:9) Jessica (D:3) A sky beast zombie (Ossuary) A naga skeleton (Volcano) A hound skeleton (D:4) A steam dragon skeleton (D:7) A giant mite (D:3) An iguana zombie (Ossuary) An adder skeleton (D:8) An orc skeleton (D:4) A gnoll zombie (Ossuary) A giant newt skeleton (D:4) A giant mite zombie (Ossuary) A giant cockroach zombie (Ossuary) An orc zombie (D:6) A hobgoblin zombie (D:6) A quokka zombie (Ossuary) A kobold zombie (Ossuary) A butterfly (D:6) 2 griffons 2 wolf spiders (Spider:1) 2 orc sorcerers (Orc:4) 2 spriggan druids (Lair:8) 2 deep elf priests (Elf:1) 2 minotaur skeletons (Volcano) 2 flying skulls (Volcano) 2 fire elementals (Lair:3) 2 centaurs 2 big kobolds (D:11) 2 troll skeletons 2 goliath beetles 2 centaur skeletons 2 scorpions (D:9) 2 tengu skeletons (Volcano) 2 worker ant zombies (Ossuary) 2 scorpion zombies (Ossuary) 2 jackal zombies (Ossuary) 2 giant spores 2 rat zombies 3 death yaks (IceCv) 3 red wasps (Spider:2) 3 orc knights (Orc:4) 3 jumping spiders (Spider:1) 3 wyverns 3 ice beasts 3 yellow wasps 3 crimson imps 3 giant eyeballs 3 oozes 4 vampires (Volcano) 4 swamp worms (Lair:3) 4 black bears (Lair:8) 4 manticore skeletons 4 lava worms (Lair:3) 4 giant frog zombies 4 fungi 5 hydras 5 basilisks 5 giant goldfish 5 bog bodies (Ossuary) 6 trolls 6 grizzly bears (Lair:8) 6 fire bats (Lair:3) 6 hippogriffs 6 giant slugs 6 lava snakes (Lair:3) 6 orange rats (Lair:5) 6 giant cockroaches 7 komodo dragons 7 redbacks (Spider:1) 7 spiders 7 giant centipedes 7 worms 8 sharks 8 electric eels 9 giant fireflies (Lair:8) 9 water moccasins 9 agate snails 9 big fish 9 giant newts 10 spiny frogs 10 porcupines 10 giant frogs 10 mummies 10 gnolls 10 plants 11 hounds 11 worker ants 11 giant geckos 12 spriggans (Lair:8) 12 ballistomycetes 13 ogres 14 polar bears 14 quokkas 15 blink frogs 15 iguanas 16 wights 16 jellies 16 jackals 17 adders 17 hobgoblins 18 green rats 20 crocodiles 21 bats 24 orc warriors 24 goblins 26 kobolds 27 orc priests 27 orc wizards 27 rats 33 ball pythons 38 wolves 46 yaks 155 orcs
1086 creatures vanquished. The 3-digit Club 155 orcs
155 creatures vanquished.

Action                   |  1- 3 |  4- 6 |  7- 9 | 10-12 | 13-15 || total
-------------------------+-------+-------+-------+-------+-------++-------
Melee: Club              |    32 |       |       |       |       ||    32
       Whip              |    88 |   227 |    81 |       |       ||   396
       Giant club        |       |       |   315 |   874 |    89 ||  1278
       Flail             |       |       |       |     1 |       ||     1
       Great mace        |       |       |       |     2 |       ||     2
       Giant spiked club |       |       |       |       |  1252 ||  1252
       Bastard sword     |       |       |       |       |    24 ||    24
Throw: Dart              |    12 |    48 |    12 |       |     3 ||    75
       Large rock        |     4 |    10 |     8 |    24 |    22 ||    68
       Stone             |       |       |     6 |     6 |       ||    12
       Tomahawk          |       |       |       |    17 |     8 ||    25
Invok: Heroism           |       |       |       |     1 |     3 ||     4
       Finesse           |       |       |       |     1 |     2 ||     3
Evoke: Wand              |       |       |       |     3 |    19 ||    22
  Use: Scroll            |       |     8 |    12 |    11 |    16 ||    47
       Potion            |       |       |     6 |    11 |     9 ||    26
 Stab: Sleeping          |       |       |     3 |     2 |       ||     5
       Distracted        |       |       |       |     2 |       ||     2
       Paralysed         |       |       |       |       |     2 ||     2
